 Dungeon Crawl Stone Soup version 0.22-a0-83-g218e7ff (console) character file.

781 Evablue the Destroyer (level 7, 0/50 HPs)
             Began as a Yellow Draconian Conjurer on Jan 20, 2018.
             Was a Follower of Okawaru.
             Slain by Duvessa
             ... wielding a +0 short sword
              (7 damage)
             ... on level 4 of the Dungeon.
             The game lasted 00:13:12 (5207 turns).

Evablue the Destroyer (Yellow Draconian Conjurer)   Turns: 5207, Time: 00:13:13

Health: 0/50       AC:  7    Str: 10    XL:     7   Next: 55%
Magic:  3/10       EV: 12    Int: 17    God:    Okawaru [*.....]
Gold:   284        SH:  0    Dex: 12    Spells: 7/10 levels left

rFire    . . .     SeeInvis .   (no weapon)
rCold    . . .     Gourm    .   (no shield)
rNeg     . . .     Faith    .   (armour unavailable)
rPois    .         Spirit   .   (helmet restricted)
rElec    .         Reflect  .   k - +0 cloak
rCorr    +         Harm     .   (no gloves)
MR       .....                  (no boots)
Stlth    ++........             r - amulet of rage
HPRegen  0.16/turn              (no ring)
MPRegen  0.12/turn              (no ring)

@: short of breath, berserk cooldown, starving, slowed, very slow
A: spit acid, acid resistance, unfitting armour, cold-blooded, AC +6
a: Breathe Acid, Heroism, Renounce Religion, Evoke Berserk Rage


You were on level 4 of the Dungeon.
You worshipped Okawaru.
Okawaru was aware of your devotion.
You were starving.

You visited 1 branch of the dungeon, and saw 5 of its levels.

You collected 284 gold pieces.

Inventory:

Armour
 k - a +0 cloak (worn)
Jewellery
 r - an amulet of rage (around neck)
Scrolls
 d - 3 scrolls of enchant armour {unknown}
 e - 3 scrolls of identify {unknown}
 f - a scroll of immolation {unknown}
 j - a scroll of noise {unknown}
 l - 3 scrolls of remove curse {unknown}
 o - a scroll of teleportation {unknown}
 p - a scroll of fear {unknown}
 s - a scroll of blinking {unknown}
Potions
 c - 3 potions of resistance {unknown}
 g - a potion of agility {unknown}
 h - a potion of magic {unknown}
 i - a potion of curing
 m - a potion of might {unknown}
 n - 2 potions of flight {unknown}
 t - a potion of haste {unknown}
Books
 a - a book of Conjurations

   Spells                             Type                      Level
   a - Magic Dart                     Conjuration                  1
   b - Searing Ray                    Conjuration                  2
   c - Dazzling Spray                 Conjuration/Hexes            3
   d - Fulminant Prism                Conjuration/Hexes            4
   e - Force Lance                    Conjuration/Translocation    4
   f - Iskenderun's Mystic Blast      Conjuration                  4
 q - a book of Necromancy

   Spells                             Type                      Level
   a - Pain                           Necromancy                   1
   b - Animate Skeleton               Necromancy                   1
   c - Vampiric Draining              Necromancy                   3
   d - Regeneration                   Charms/Necromancy            3
   e - Animate Dead                   Necromancy                   4
   f - Borgnjor's Vile Clutch         Necromancy/Earth             5
Comestibles
 b - 7 rations


   Skills:
 - Level 1.7 Dodging
 - Level 1.7 Stealth
 - Level 2.0 Spellcasting
 + Level 9.4 Conjurations


You had 7 spell levels left.
You knew the following spells:

 Your Spells              Type           Power        Failure   Level  Hunger
a - Magic Dart            Conj           ####         1%          1    #......
b - Searing Ray           Conj           ####..       1%          2    ###....


Dungeon Overview and Level Annotations

Branches:
Dungeon (5/15)             Temple (0/1) D:4

Altars:
Elyvilon
Okawaru

Shops:
D:4 *

Annotations:
D:4 Dowan, Duvessa


Innate Abilities, Weirdness & Mutations

You can spit globs of acid.
You are resistant to acid.
Your golden yellow scales are hard. (AC +6)
You cannot fit into any form of body armour.
You are cold-blooded and may be slowed by cold attacks.


Message History

You hit Duvessa but do no damage.
Duvessa is almost dead.
Duvessa barely misses you. Duvessa closely misses you.
Dowan points at you and mumbles some strange words.
The puff of flame hits you!
* * * LOW HITPOINT WARNING * * *
Duvessa barely misses you.
You hit Duvessa but do no damage.
Duvessa is almost dead.
Duvessa misses you. Dowan barely misses you.
Duvessa hits you with a short sword.
* * * LOW HITPOINT WARNING * * *
Dowan hits you with a dagger.
* * * LOW HITPOINT WARNING * * *
You feel better. Duvessa closely misses you. Dowan hits you but does no damage.
Duvessa hits you with a short sword.
* * * LOW HITPOINT WARNING * * *
You feel better. Duvessa hits you but does no damage.
Dowan hits you but does no damage. Duvessa hits you with a short sword!
You die...

#.# #.# #.# #.#
######.#### #.#.#.#.#.##
.#.#.#.#.#.###
#.#.#.#.#.#..#####
.#.#.#.#.#.....e@#
#.#.#.#.#.##..##e#
.#.#.#.#+#.##.##.#
#.#.#.....###..#.#
.#.#.#....'###.#'#######
#.#.#.....## #.........#
.#.#.#.#'#.# #.........#
#.#.######## #.........#
.#.#.####### #.........#


You could see Duvessa and Dowan.

Vanquished Creatures
  2 ogres (D:4)
  The ghost of aTarkinC the Chiller, an amateur GrIE (D:3)
  A scorpion (D:2)
  2 hounds (D:4)
  A gnoll shaman (D:3)
  An orc wizard (D:3)
  A bullfrog skeleton (D:4)
  An iguana (D:4)
  Natasha (thrice) (D:4)
  2 worker ants (D:4)
  7 adders
  4 gnolls
  4 oozes
  A worm (D:2)
  A dart slug (D:2)
  3 leopard geckos
  4 orcs
  3 ball pythons
  4 bats
  2 giant cockroaches
  6 goblins
  6 hobgoblins
  7 jackals
  10 kobolds
  A quokka (D:3)
  4 frilled lizards
  8 rats
90 creatures vanquished.

Notes
Turn   | Place    | Note
-------+----------+-------------------------------------------
     0 | D:1      | Evablue the Draconian Conjurer began the quest for the Orb.
     0 | D:1      | Reached XP level 1. HP: 14/14 MP: 3/3
   426 | D:1      | Reached XP level 2. HP: 20/20 MP: 0/5
   483 | D:1      | Learned a level 2 spell: Searing Ray
  1232 | D:2      | Noticed a scorpion
  1264 | D:2      | Killed a scorpion
  1264 | D:2      | Reached skill level 5 in Conjurations
  1264 | D:2      | Reached XP level 3. HP: 18/26 MP: 0/6
  1264 | D:2      | Reached XP level 4. HP: 23/33 MP: 0/7
  1713 | D:2      | Found a white marble altar of Elyvilon.
  1785 | D:2      | Found an iron altar of Okawaru.
  1808 | D:2      | Reached skill level 6 in Conjurations
  1972 | D:2      | Became a worshipper of Warmaster Okawaru
  2242 | D:3      | Noticed aTarkinC's ghost (amateur GrIE)
  2467 | D:3      | Reached XP level 5. HP: 38/38 MP: 4/8
  2733 | D:3      | Killed aTarkinC's ghost
  2944 | D:3      | Reached skill level 7 in Conjurations
  3324 | D:3      | Reached XP level 6. HP: 30/45 MP: 4/9
  3952 | D:4      | Found Dajcets's Desiderata Depot.
  4047 | D:4      | Found a staircase to the Ecumenical Temple.
  4121 | D:4      | Reached * piety under Okawaru
  4121 | D:4      | Reached skill level 8 in Conjurations
  4270 | D:4      | Noticed Natasha
  4277 | D:4      | Killed Natasha
  4379 | D:4      | Your scales start taking on a golden yellow colour.
  4379 | D:4      | Reached XP level 7. HP: 45/50 MP: 2/10
  4646 | D:4      | Noticed Natasha
  4709 | D:4      | Killed Natasha
  4756 | D:4      | Noticed Natasha
  4760 | D:4      | Killed Natasha
  4991 | D:4      | Reached skill level 9 in Conjurations
  5138 | D:5      | Entered Level 5 of the Dungeon
  5138 | D:5      | Noticed Duvessa
  5138 | D:5      | Noticed Dowan
  5177 | D:4      | Reached ** piety under Okawaru
  5200 | D:4      | HP: 2/50 [Duvessa/short sword (12)]
  5205 | D:4      | HP: 1/50 [Dowan/dagger (4)]
  5207 | D:4      | Slain by Duvessa

Vault maps used:
D:1:      evilmike_arrival_crescent, grunt_decor_resistance
D:2:      elyvilon_altar_4, okawaru_ov_weapons_minmay, first_ration
D:3:      minmay_misc_feat_x
D:4:      temple_doors_cd, corexii_leaking_fountain, minivault_19,
          nicolae_alphabet_shops, uniq_natasha
D:5:      serial_shops, shop, uniq_duvessa

Skill      XL: |  1  2  3  4  5  6  7 |
---------------+----------------------+-----
Conjurations   | 5 6 7 8 9 |  9.4
Dodging        | |  1.7
Stealth        | |  1.7
Spellcasting   | |  2.0

Action                   |  1- 3 |  4- 6 |  7- 9 || total
-------------------------+-------+-------+-------++-------
Melee: Unarmed           |    11 |    40 |    23 ||    74
       Tailslap          |     1 |     4 |     5 ||    10
 Cast: Magic Dart        |    36 |    52 |     1 ||    89
       Searing Ray       |     1 |    28 |     8 ||    37
Invok: Heroism           |       |       |     1 ||     1
 Abil: Breathe Acid      |       |       |     2 ||     2
       Evoke Berserk Rag |       |       |     1 ||     1
  Use: Potion            |       |       |     6 ||     6
 Stab: Sleeping          |       |     1 |       ||     1
  Eat: Chunk             |     1 |    13 |     2 ||    16
Armor: Skin              |     2 |    38 |    17 ||    57
Dodge: Dodged            |     4 |    54 |    33 ||    91

Table legend:
 A = Spawn XP
 B = Non-spawn XP
 C = Spawn XP percentage of total XP
 D = Spawn monster count
 E = Non-spawn monster count
 F = Spawn count percentage of total count
 G = Total turns spent on level
                    A         B        C        D         E        F      G
               +---------+---------+-------+---------+---------+-------+---------
         Total |       0 |    1116 |   0.0 |       0 |      90 |   0.0 |  5207
               +---------+---------+-------+---------+---------+-------+---------
           D:1 |       0 |      29 |   0.0 |       0 |      16 |   0.0 |  1251
           D:2 |       0 |     140 |   0.0 |       0 |      23 |   0.0 |   921
           D:3 |       0 |     292 |   0.0 |       0 |      33 |   0.0 |  1566
           D:4 |       0 |     655 |   0.0 |       0 |      18 |   0.0 |  1462
               +---------+---------+-------+---------+---------+-------+---------
